 Dungeon Crawl Stone Soup version 0.32-a0-859-gb0a091d592 (webtiles) character file.

Game seed: 7993868899045741032

4 Xavori the Trooper (level 1, -2/20 HPs)
             Began as a Djinni Chaos Knight on Mar 28, 2024.
             Was a Plaything of Xom.
             Frozen to death by an endoplasm (3 damage)
             ... on level 1 of the Dungeon.
             The game lasted 00:00:09 (101 turns).

Xavori the Trooper (Djinni Chaos Knight)             Turns: 101, Time: 00:00:10

Health: -2/20      AC:  5    Str: 11    XL:     1   Next: 66%
Gold:   0          EV: 10    Int: 13    God:    Xom [..*...] SH:  0 Dex: 12

rFire   + + .        a - +0 falchion (chaos)
rCold   x . .        (no shield)
rNeg    . . .        b - +2 leather armour
rPois   ∞            (no helmet)
rElec   .            (no cloak)
rCorr   .            (no gloves)
SInv    .            (boots unavailable)
Will    .....        (no amulet)
Stlth   +            (no ring)
HPRegen 0.23/turn    (no ring)
MPRegen 0.00/turn

%: infuse magic (-3 HP)
@: flying
A: sickness immunity, fire resistance 2, cold vulnerability 1, float, innate
caster, HP casting, extra vitality 1
a: Renounce Religion


You were on level 1 of the Dungeon.
You worshipped Xom.
You were a toy of Xom.
You visited 1 branch of the dungeon, and saw 1 of its levels.

Inventory:

Hand Weapons
 a - a +0 falchion of chaos (weapon)
Armour
 b - a +2 leather armour (worn)
Jewellery
 e - an amulet of the acrobat
Scrolls
 c - a scroll of butterflies
 d - a scroll of identify {unknown}


   Skills:
 + Level 3.0 Fighting
 + Level 2.7 Long Blades
 + Level 1.0 Armour
 + Level 2.2 Dodging
 * Level 0.1 Spellcasting
 * Level 0.1 Conjurations
 * Level 0.1 Hexes
   Level 0.0 Charms
 * Level 0.1 Summonings
 * Level 0.1 Necromancy
 * Level 0.1 Translocations
   Level 0.0 Transmutations
 * Level 0.1 Fire Magic
 * Level 0.1 Ice Magic
 * Level 0.1 Air Magic
 * Level 0.1 Earth Magic
 * Level 0.1 Alchemy You didn't know any spells. Your spell library was empty.

Dungeon Overview and Level Annotations

Branches:
Dungeon (1/15)

Altars:


Innate Abilities, Weirdness & Mutations

You are immune to sickness and miasma.
You are immune to poison.
Your flesh is very heat resistant. (rF++)
You are vulnerable to cold. (rC-)
You float through the air rather than walking.
You learn spells naturally, not from books.
Your magical power is your life essence.
You have superior vitality. (+4 MHP)


Message History

The endoplasm completely misses you.
You see here a frilled lizard corpse.
You hit the endoplasm. You burn the endoplasm.
The endoplasm is moderately wounded.
The endoplasm closely misses you. x2
You hit the endoplasm. You freeze the endoplasm.
The endoplasm is almost dead.
The endoplasm hits you but does no damage.
The endoplasm closely misses you.
You completely miss the endoplasm.
The endoplasm is almost dead.
The endoplasm freezes you.
You are frozen.
You feel a terrible chill!
Xom roars with laughter!
The endoplasm hits you.
You completely miss the endoplasm.
The endoplasm is almost dead.
The endoplasm barely misses you. The endoplasm freezes you.
You are frozen.
The endoplasm barely misses you. The endoplasm freezes you.
You are frozen.
You are too injured to fight recklessly!
Unknown command.
You are too injured to fight recklessly!
You are too injured to fight recklessly!
The endoplasm barely misses you. The endoplasm freezes you.
You are frozen!
You feel a terrible chill!
* * * LOW HITPOINT WARNING * * *
You hit the endoplasm.
You kill the endoplasm!
The endoplasm hits you but does no damage.
The endoplasm freezes you.
You are frozen.
You feel a terrible chill!
* * * LOW HITPOINT WARNING * * *
The endoplasm freezes you.
You are frozen.
You feel a terrible chill!
You die... "What!?
That's it?"

#.. ..# ... #.#
######
#.###.######.....
#.#..........####
#.#.#.########
##.#.#.###
#........#
#.#..#.#.#
...######@#..#.#.#
.......†JJ#..#.# #
......?...#..#.#
...............#
...............
...##
...#.###.###.#.#
..... ..... ..# .#
# ###.# .... #.# #
#.# ... #.. #.#


You could see 2 endoplasms.

Vanquished Creatures
  2 ball pythons (D:1)
  An endoplasm (D:1)
  A giant cockroach (D:1)
  A frilled lizard (D:1)
5 creatures vanquished.

Notes
Turn   | Place    | Note
-------+----------+-------------------------------------------
     0 | D:1      | Xavori the Djinni Chaos Knight began the quest for the Orb.
     0 | D:1      | Reached XP level 1. HP: 20/20 MP: 0/0
    62 | D:1      | XOM: silly message
   101 | D:1      | HP: 1/20 [frozen (4)]
   101 | D:1      | Frozen to death by an endoplasm

Illustrated notes

Levels and vault maps discovered:
D:1:      saegor_arrival_simple_b, layout_loops_cross

Action                     || total
---------------------------++-------
  Melee: Falchion          ||    18
 Armour: Leather armour    ||    13
  Dodge: Dodged            ||    16

Table legend: (Time is in decaauts)
 A = Elapsed time spent in this place.
 B = Non-inter-level travel time spent in this place.
 C = Inter-level travel time spent in this place.
 D = Time resting spent in this place.
 E = Time spent auto-exploring this place.
 F = Levels seen in this place.
 G = Mean time per level.
                   A        B        C        D        E       F      G
               +--------+--------+--------+--------+--------+-----+--------+
         Total |    104 |    104 |      0 |      0 |     64 |   1 |  104.0 |
       Dungeon |    104 |    104 |      0 |      0 |     64 |   1 |  104.0 |
               +--------+--------+--------+--------+--------+-----+--------+

Top non-repeatable levels by time:
     D:1: 104 daAuts
